 Dungeon Crawl Stone Soup version 0.21-a0-401-g0b6bec4 (webtiles) character file.

46 penrosetingle the Bolt Thrower (level 3, -3/20 HPs)
             Began as a Tengu Arcane Marksman on Oct 24, 2017.
             Slain by a sky beast (6 damage)
             ... on level 1 of the Dungeon.
             The game lasted 00:12:30 (790 turns).

penrosetingle the Bolt Thrower (TeAM)                Turns: 790, Time: 00:12:31

Health: -3/20      AC:  3    Str: 11    XL:     3   Next: 66%
Magic:  5/5        EV: 12    Int: 13    God:
Gold:   141        SH:  0    Dex: 14    Spells: 3/4 levels left

rFire    . . .     SeeInvis .   b - +0 dagger (freeze)
rCold    + . .     Gourm    .   (no shield)
rNeg     . . .     Faith    .   g - +0 leather armour
rPois    .         Spirit   .   (helmet restricted)
rElec    .         Reflect  .   (no cloak)
rCorr    .         Harm     .   (no gloves)
MR       .....                  (boots unavailable)
Stlth    +.........             (no amulet)
HPRegen  0.06/turn              h - ring of protection from cold
MPRegen  0.09/turn              (no ring)

@: no status effects
A: beak, talons 3
a: no special abilities


You were on level 1 of the Dungeon.
You were not hungry.

You visited 1 branch of the dungeon, and saw 2 of its levels.

You collected 141 gold pieces.

Inventory:

Hand Weapons
 a - a +2 hand crossbow {Ceremonial Whoopass Bow}
 b - a +0 dagger of freezing (weapon)
Missiles
 d - 7 bolts
Armour
 e - a +0 robe
 g - a +0 leather armour (worn)
Jewellery
 h - a ring of protection from cold (left hand)
Scrolls
 j - a scroll of teleportation {unknown}
 l - a scroll of enchant weapon
Potions
 k - a potion of cancellation {unknown}
 n - a potion of curing {unknown}
Books
 c - a book of Debilitation

   Spells                             Type                      Level
   a - Corona                         Hexes                        1
   b - Slow                           Hexes                        2
   c - Inner Flame                    Hexes/Fire                   3
   d - Portal Projectile              Hexes/Translocation          3
   e - Cause Fear                     Hexes                        4
   f - Leda's Liquefaction            Hexes/Earth                  4
Comestibles
 f - 2 bread rations
 m - a fruit


   Skills:
 + Level 1.1 Fighting
 + Level 0.3 Short Blades
 + Level 3.2 Crossbows
 + Level 2.7 Dodging
 + Level 0.1 Stealth
 + Level 1.1 Spellcasting
 + Level 2.4 Hexes


You had 3 spell levels left.
You knew the following spells:

 Your Spells              Type           Power        Failure   Level  Hunger
a - Corona                Hex            #......      13%         1    ##.....


Dungeon Overview and Level Annotations

Branches:
Dungeon (2/15)

Altars:


Innate Abilities, Weirdness & Mutations

You have a beak for a mouth.
You have claws for feet.


Message History

The sky beast barely misses you.
You closely miss the sky beast. Your kick misses the sky beast.
You peck the sky beast.
The sky beast is lightly wounded.
The sky beast barely misses you.
You closely miss the sky beast.
The sky beast is lightly wounded.
The sky beast hits you. The sky beast shocks you.
* * * LOW HITPOINT WARNING * * *
The sky beast hits you but does no damage.
You hit the sky beast but do no damage. Your kick misses the sky beast.
You peck the sky beast.
The sky beast is moderately wounded.
The sky beast hits you but does no damage.
As you read the scroll labeled LITAME XOTAF, it crumbles to dust.
The creatures around you are filled with an inner flame!
It was a scroll of immolation.
The sky beast hits you.
* * * LOW HITPOINT WARNING * * *
The sky beast shocks you.
You die...

....# #.....#
....# #.....#
########## #....##
# #....# #..#.# #
#....# #..#.#
#....# #..#.#
#####.รท..# #..#.#
.........# #..#.#
#####..>.# #..#@#
#####....####).#Y#
................>#
#############..###
#..# #..# ####


You could see a sky beast (inner flame).

Vanquished Creatures
  A leopard gecko (D:1)
  7 bats (D:1)
  7 goblins
  5 hobgoblins
  4 jackals (D:1)
  8 kobolds
  A quokka (D:2)
  2 frilled lizards (D:1)
  7 rats
42 creatures vanquished.

Notes
Turn   | Place    | Note
-------+----------+-------------------------------------------
     0 | D:1      | penrosetingle the Tengu Arcane Marksman began the quest for the Orb.
     0 | D:1      | Reached XP level 1. HP: 12/12 MP: 3/3
    22 | D:1      | Reached XP level 2. HP: 7/16 MP: 4/4
   292 | D:1      | Reached XP level 3. HP: 18/20 MP: 5/5
   391 | D:1      | Reached skill level 3 in Crossbows
   763 | D:2      | Noticed a sky beast
   790 | D:1      | Slain by a sky beast

Vault maps used:
D:1:      enne_arrival_octagon_isle, hex_medium, minmay_domino_4
D:2:      nicolae_gozag_seed_capital

Skill      XL: |  1  2  3 |
---------------+----------+-----
Crossbows      | 3 |  3.2
Fighting       | |  1.1
Short Blades   | |  0.3
Dodging        | |  2.7
Stealth        | |  0.1
Spellcasting   | |  1.1
Hexes          | |  2.4

Action                   || total
-------------------------++-------
Melee: Dagger            ||    20
       Kick              ||     3
       Peck              ||     3
 Fire: Hand crossbow     ||    80
 Cast: Corona            ||     5
  Use: Scroll            ||     3
Armor: Robe              ||     5
       Leather armour    ||     2
Dodge: Dodged            ||    36

Table legend:
 A = Spawn XP
 B = Non-spawn XP
 C = Spawn XP percentage of total XP
 D = Spawn monster count
 E = Non-spawn monster count
 F = Spawn count percentage of total count
 G = Total turns spent on level
                    A         B        C        D         E        F      G
               +---------+---------+-------+---------+---------+-------+---------
         Total |       0 |      66 |   0.0 |       0 |      42 |   0.0 |   790
               +---------+---------+-------+---------+---------+-------+---------
           D:1 |       0 |      56 |   0.0 |       0 |      36 |   0.0 |   747
           D:2 |       0 |      10 |   0.0 |       0 |       6 |   0.0 |    43
               +---------+---------+-------+---------+---------+-------+---------
